 Dungeon Crawl Stone Soup version 0.32-a0-779-g362cfcae2a (webtiles) character file.

Game seed: 17444706839187165729

62 JohnnyKeats the Ducker (level 4, 0/34 HPs)
             Began as a Merfolk Gladiator on Mar 20, 2024.
             Killed by divine providence
             ... invoked by an orc priest
              (15 damage)
             ... on level 2 of the Dungeon.
             The game lasted 00:03:50 (1407 turns).

JohnnyKeats the Ducker (Merfolk Gladiator)          Turns: 1407, Time: 00:03:51

Health: 0/34       AC:  6    Str: 16    XL:     4   Next: 8%
Magic:  4/4        EV: 11    Int:  7    God:
Gold:   115        SH:  0    Dex: 15    Spells: 3/3 levels left

rFire   . . .        a - +0 long sword
rCold   . . .        (no shield)
rNeg    . . .        l - +0 ring mail
rPois   .            c - +0 helmet
rElec   .            (no cloak)
rCorr   .            (no gloves)
SInv    +            (no boots)
Will    .....        (no amulet)
Stlth   +            j - ring of see invisible
HPRegen 0.25/turn    (no ring)
MPRegen 0.09/turn

%: no passive effects
@: no status effects
A: (nimble swimmer 2), mertail
a: Convert to Beogh


You were on level 2 of the Dungeon.
You visited 1 branch of the dungeon, and saw 2 of its levels.

You collected 115 gold pieces.

Inventory:

Hand Weapons
 a - a +0 long sword (weapon)
 f - a +4 short sword
Missiles
 d - 3 throwing nets (quivered)
 e - a javelin
 i - 16 poisoned darts
Armour
 b - a +0 leather armour
 c - a +0 helmet (worn)
 l - a +0 ring mail (worn)
Jewellery
 j - a ring of see invisible (left hand)
Scrolls
 g - 2 scrolls of noise {unknown}
 h - 2 scrolls of identify {unknown}
Potions
 k - a potion of haste {unknown}
 m - a potion of mutation {unknown}


   Skills:
 + Level 2.4 Fighting
 + Level 4.6 Long Blades
 + Level 2.2 Throwing
 + Level 0.9 Armour
 + Level 4.6 Dodging
 + Level 0.2 Stealth


You had 3 spell levels left.
You didn't know any spells.
Your spell library contained the following spells:

 Spells                   Type           Power      Damage    Failure   Level
 Passwall                 Erth           0%         N/A       95%         3
 Volatile Blastmotes      Fire/Tloc      0%         2d10      95%         3
 Bombard                  Conj/Erth      0%         9d1       100%        6


Dungeon Overview and Level Annotations

Branches:
Dungeon (2/15)

Altars:


Innate Abilities, Weirdness & Mutations

((You are very nimble when in or above water. (Stealth+, EV+, Speed+++)))
Your lower body shifts to a powerful aquatic tail in water.


Message History

The orc is heavily wounded.
The orc closely misses you. x2; The orc hits you with a +0 whip.
The orc barely misses you.
You barely miss the orc.
The orc is heavily wounded.
The orc hits you but does no damage. x2
The orc closely misses you. The orc attacks as it pursues you!
The orc hits you with a +0 whip.
The orc priest casts a cantrip, but nothing happens.
The orc priest shouts, "The Pantheon deserves no one's loyalty.
Let us show you the true path!" (press Y on the ability menu to convert to Beogh)
You hit the orc.
The orc is heavily wounded.
The orc misses you. The orc hits you with a +0 whip.
You hit the orc.
You kill the orc!
The orc barely misses you.
You hit the orc.
The orc is lightly wounded.
The orc closely misses you.
The orc priest begins to cast a cantrip, but forgets the words!
You closely miss the orc. The orc hits you but does no damage.
The orc misses you. The orc hits you with a +0 club. The orc barely misses you.
You barely miss the orc. The orc barely misses you.
The orc hits you with a +0 whip. The orc hits you but does no damage.
The orc closely misses you. x2
You hit the orc but do no damage. The orc closely misses you.
The orc hits you with a +0 whip. The orc barely misses you.
You closely miss the orc.
The orc is lightly wounded.
The orc hits you but does no damage. The orc hits you with a +0 whip.
The orc hits you with a +0 club.
You hit the orc.
The orc is severely wounded.
The orc completely misses you. The orc hits you but does no damage. x2
You closely miss the orc. The orc closely misses you.
The orc hits you with a +0 whip. The orc hits you but does no damage.
The orc priest invokes the aid of Beogh against you.
Beogh smites you!
You die...

.........(........#
#......<<....####.#
#....#%#####..##..# ###
...##.# ##....#. #..
.#.##.# ##....... # ..
#....# #.......# ..##.#.
#....####.......#
.......###.†.............#
.......oo@..>..####.....##
.......?oo....## #.......#
.?.............# #.......#
......?........# #.......#
......####.....# ##.....##
$..... ####### ##...##
...... ##### ######


You could see an orc priest and 3 orcs.

Vanquished Creatures
  2 adders (D:2)
  An orc (D:2)
  6 ball pythons
  4 bats
  5 endoplasms
  3 giant cockroaches
  3 goblins
  3 hobgoblins
  3 kobolds (D:1)
  A quokka (D:1)
  A frilled lizard (D:1)
  6 rats
38 creatures vanquished.

Notes
Turn   | Place    | Note
-------+----------+-------------------------------------------
     0 | D:1      | JohnnyKeats the Merfolk Gladiator began the quest for the
                  | Orb.
     0 | D:1      | Reached XP level 1. HP: 16/16 MP: 1/1
    80 | D:1      | Reached XP level 2. HP: 11/22 MP: 2/2
   635 | D:1      | Reached XP level 3. HP: 27/27 MP: 3/3
  1390 | D:2      | Reached XP level 4. HP: 32/34 MP: 4/4
  1407 | D:2      | Killed from afar by an orc priest

Illustrated notes

Levels and vault maps discovered:
D:1:      minmay_arrival_three_doors, layout_loops_corners
D:2:      layout_rooms, basic_altar, serial_bayou_lagoon_b

Skill      XL: |  1  2 |
---------------+-------+-----
Long Blades    | 4 |  4.6
Fighting       | |  2.4
Throwing       | |  2.2
Armour         | |  0.9
Dodging        | |  4.6
Stealth        | |  0.2

Action                     |  1- 3 |  4- 6 || total
---------------------------+-------+-------++-------
  Melee: Long sword        |    83 |    12 ||    95
   Stab: Sleeping          |     1 |       ||     1
 Armour: Leather armour    |    36 |       ||    36
         Ring mail         |    12 |    18 ||    30
  Dodge: Dodged            |    59 |    17 ||    76

Table legend: (Time is in decaauts)
 A = Elapsed time spent in this place.
 B = Non-inter-level travel time spent in this place.
 C = Inter-level travel time spent in this place.
 D = Time resting spent in this place.
 E = Time spent auto-exploring this place.
 F = Levels seen in this place.
 G = Mean time per level.
                   A        B        C        D        E       F      G
               +--------+--------+--------+--------+--------+-----+--------+
         Total |   1423 |   1380 |     43 |    147 |    810 |   2 |  711.5 |
       Dungeon |   1423 |   1380 |     43 |    147 |    810 |   2 |  711.5 |
               +--------+--------+--------+--------+--------+-----+--------+

Top non-repeatable levels by time:
     D:1: 1138 daAuts
     D:2: 284 daAuts
